 Dungeon Sprint DCSS version 0.26-a0-1013-gf6ffb0d6bd (webtiles) character file.

Game seed: 14753215053415485645

977 sahdkjhfkaj the Cleaver (level 7, -7/70 HPs)
             Began as a Deep Dwarf Fighter on Dec 7, 2020.
             Was a Believer of Makhleb.
             Splashed by a brown ugly thing's acid (11 damage)
             ... in the Dungeon (Sprint IX: "|||||||||||||||||||||||||||||").
             The game lasted 00:00:41 (186 turns).

sahdkjhfkaj the Cleaver (Deep Dwarf Fighter)         Turns: 186, Time: 00:00:41

Health: -7/70      AC:  6    Str: 25    XL:     7   Next: 95%
Magic:  7/7        EV: 12    Int:  8    God:    Makhleb [**....]
Gold:   0          SH: 12    Dex: 15    Spells: 6/6 levels left

rFire    . . .     SeeInvis .   a - +1 broad axe (freeze)
rCold    . . .     Faith    .   c - +0 kite shield
rNeg     . . .     Spirit   .   q - +1 chain mail
rPois    .         Reflect  .   (no helmet)
rElec    .         Harm     .   o - +0 cloak
rCorr    .         Rampage  .   p - +0 pair of gloves
Will     +....     NoTele   +   (no boots)
Stlth    ..........             (no amulet)
HPRegen  0.00/turn              r - +3 ring of strength
MPRegen  0.10/turn              b - +3 ring of dexterity

@: corroded, non-regenerating
A: damage resistance, heal wounds, sense surroundings 1, no regeneration
a: Heal Wounds, Minor Destruction, Renounce Religion


You were in the Dungeon.
You worshipped Makhleb.
Makhleb was pleased with you.
You visited 1 branch

Inventory:

Hand Weapons
 a - a +1 broad axe of freezing (weapon)
Armour
 c - a +0 kite shield (worn)
 o - a +0 cloak (worn)
 p - a +0 pair of gloves (worn)
 q - a +1 chain mail (worn)
Jewellery
 b - a +3 ring of dexterity (right hand)
 r - a +3 ring of strength (left hand)
Wands
 n - a wand of acid (10)
Scrolls
 j - 2 scrolls of blinking
 l - 3 scrolls of remove curse
 m - 2 scrolls of amnesia
Potions
 d - a potion of might
 e - 5 potions of curing
 f - 3 potions of heal wounds
 g - a potion of haste
 h - 4 potions of magic
 i - a potion of berserk rage
 k - a potion of invisibility


   Skills:
 + Level 6.9 Fighting
 * Level 10.6 Axes
 + Level 8.2 Armour
 + Level 7.3 Dodging
 + Level 9.9 Shields


You had 6 spell levels left.
You didn't know any spells.
Your spell library was empty.

Dungeon Overview and Level Annotations

Branches:
Dungeon (1/1)

Altars:
Cheibriados
Dithmenos
Elyvilon
Fedhas
Gozag
Hepliaklqana
Kikubaaqudgha
Makhleb
Nemelex Xobeh
Okawaru
Qazlal
Ru
Sif Muna
Trog
Uskayaw
Vehumet
Wu Jian
Xom
Yredelemnul
Zin
The Shining One
Beogh
Jiyva
Lugonu


Innate Abilities, Weirdness & Mutations

You are resistant to damage.
You can heal yourself by infusing magical energy.
You passively map a small area around you.
You do not regenerate.


Message History

The brown ugly thing trunk-slaps you but does no damage.
You slash the brown ugly thing! You freeze the brown ugly thing.
The brown ugly thing is heavily wounded.
The brown ugly thing trunk-slaps you. The acid corrodes you!
You are splashed with acid!
* * * LOW HITPOINT WARNING * * *
The brown ugly thing trunk-slaps you.
* * * LOW HITPOINT WARNING * * *
You are splashed with acid!
* * * LOW HITPOINT WARNING * * *
Unknown command.
You hit the brown ugly thing. You freeze the brown ugly thing.
The brown ugly thing is heavily wounded.
The brown ugly thing misses you.
You closely miss the brown ugly thing.
The brown ugly thing is heavily wounded.
The brown ugly thing trunk-slaps you!
* * * LOW HITPOINT WARNING * * *
You are splashed with acid!
You die...

▓▓▓▓▓▓▓▓▓▓▓▓▓▓▓▓▓▓▓▓▓▓▓▓
*
....Zzu@....)†(.[...)..'
▓▓▓▓▓▓▓▓▓▓▓▓▓▓▓▓▓▓▓▓▓▓▓▓
,, , ,, , , * ** * , ,,,
, , * * * * , , , * *
*** , ,


You could see a brown ugly thing, a wight and a giant cockroach zombie.

Vanquished Creatures
  A cyclops (D)
  A wraith (D)
  A sky beast (D)
  A phantom (D)
  A black bear (D)
  2 big kobolds (D)
  A howler monkey (D)
  2 adders (D)
  3 bats (D)
  2 hobgoblins (D)
  A quokka (D)
  A frilled lizard (D)
  A jackal zombie (D)
  A leopard gecko zombie (D)
19 creatures vanquished.

Notes
Turn   | Place    | Note
-------+----------+-------------------------------------------
     0 | D        | sahdkjhfkaj the Deep Dwarf Fighter began the quest for the
                  | Orb.
     0 | D        | Reached XP level 1. HP: 20/20 MP: 1/1
     1 | D        | Banished a spatial maelstrom
    18 | D        | Reached skill level 3 in Axes
    18 | D        | Reached skill level 1 in Dodging
    25 | D        | Noticed a howler monkey
    30 | D        | Killed a howler monkey
    31 | D        | Reached skill level 4 in Axes
    31 | D        | Reached skill level 5 in Shields
    31 | D        | Reached XP level 2. HP: 18/28 MP: 2/2
    31 | D        | Reached XP level 3. HP: 22/34 MP: 3/3
    60 | D        | Found a roughly hewn altar of Beogh.
    60 | D        | Found a snail-covered altar of Cheibriados.
    60 | D        | Found a shadowy altar of Dithmenos.
    60 | D        | Found a white marble altar of Elyvilon.
    60 | D        | Found a blossoming altar of Fedhas.
    60 | D        | Found an opulent altar of Gozag.
    61 | D        | Found a hazy altar of Hepliaklqana.
    62 | D        | Found a viscous altar of Jiyva.
    63 | D        | Found an ancient bone altar of Kikubaaqudgha.
    64 | D        | Found a corrupted altar of Lugonu.
    66 | D        | Found a burning altar of Makhleb.
    67 | D        | Found a sparkling altar of Nemelex Xobeh.
    68 | D        | Found an iron altar of Okawaru.
    69 | D        | Found a stormy altar of Qazlal.
    70 | D        | Found a sacrificial altar of Ru.
    71 | D        | Found a shimmering blue altar of Sif Muna.
    72 | D        | Found a bloodstained altar of Trog.
    73 | D        | Found a hide-covered altar of Uskayaw.
    74 | D        | Found a radiant altar of Vehumet.
    75 | D        | Found an ornate altar of the Wu Jian Council.
    76 | D        | Found a shimmering altar of Xom.
    80 | D        | Became a worshipper of Makhleb the Destroyer
    84 | D        | Found a basalt altar of Yredelemnul.
    85 | D        | Found a glowing silver altar of Zin.
    86 | D        | Found a glowing golden altar of the Shining One.
   138 | D        | Noticed a big kobold
   138 | D        | Noticed a big kobold
   138 | D        | Noticed a phantom
   138 | D        | Noticed a sky beast
   143 | D        | Killed a sky beast
   144 | D        | Reached skill level 6 in Axes
   144 | D        | Reached skill level 5 in Armour
   144 | D        | Reached XP level 4. HP: 44/45 MP: 4/4
   144 | D        | Reached XP level 5. HP: 50/51 MP: 5/5
   148 | D        | Reached skill level 7 in Axes
   150 | D        | Killed a phantom
   150 | D        | Reached * piety under Makhleb
   151 | D        | Reached skill level 5 in Fighting
   151 | D        | Reached skill level 8 in Axes
   151 | D        | Reached skill level 5 in Dodging
   151 | D        | Reached XP level 6. HP: 57/61 MP: 6/6
   159 | D        | Reached ** piety under Makhleb
   166 | D        | Noticed a brown ugly thing
   166 | D        | Noticed a cyclops
   166 | D        | Noticed a wraith
   171 | D        | Killed a wraith
   172 | D        | Reached skill level 9 in Axes
   172 | D        | Reached XP level 7. HP: 68/68 MP: 7/7
   180 | D        | Killed a cyclops
   181 | D        | Reached skill level 10 in Axes
   186 | D        | Splashed by a brown ugly thing's acid

Illustrated notes

Levels and vault maps discovered:
D:        linesprint [early_d, line_temple, items_1, d_10, items_2, lair_1,
          lair_end, items_3, orc_1, orc_end, items_4, d_15, swamp_1, shoals_1,
          snake_1, spider_1, d_20, vaults_1, items_5, swamp_end, shoals_end,
          snake_end, spider_end, vaults_end, d_27, items_6, zot_1, zot_end,
          crypt_end, forest_end, elf_end, slime_end, tomb_end, abyss_end,
          pan_hell_end]

Skill      XL: |  1  2  3  4  5  6  7 |
---------------+----------------------+-----
Axes           | 4 6 8 9 10 | 10.6
Dodging        | 2 3 5 6 7 |  7.3
Fighting       | 3 4 5 6 |  6.9
Shields        | 5 6 8 9 |  9.9
Armour         | 4 5 6 7 8 |  8.2

Action                   |  1- 3 |  4- 6 |  7- 9 || total
-------------------------+-------+-------+-------++-------
Melee: War axe           |    43 |       |       ||    43
       Broad axe         |     5 |    20 |    15 ||    40
 Abil: Heal Wounds       |     1 |       |       ||     1
Armor: Scale mail        |    17 |       |       ||    17
       Chain mail        |     4 |     5 |     4 ||    13
Dodge: Dodged            |    12 |     4 |     6 ||    22
Block: Kite shield       |    24 |    13 |     5 ||    42

Table legend: (Time is in decaauts)
 A = Elapsed time spent in this place.
 B = Non-inter-level travel time spent in this place.
 C = Inter-level travel time spent in this place.
 D = Time resting spent in this place.
 E = Time spent auto-exploring this place.
 F = Levels seen in this place.
 G = Mean time per level.
                   A        B        C        D        E       F      G
               +--------+--------+--------+--------+--------+-----+--------+
         Total |    214 |    214 |      0 |      0 |     21 |   1 |  214.0 |
       Dungeon |    214 |    214 |      0 |      0 |     21 |   1 |  214.0 |
               +--------+--------+--------+--------+--------+-----+--------+

Top non-repeatable levels by time:
       D: 214 daAuts
